 Dungeon Crawl Stone Soup version 0.31-a0-1009-g454b1f1e0a (webtiles) character file.

Game seed: 17771884539033108514

11099 Azuregosa the Covert (level 11, -6/80 HPs)
             Began as an Octopode Delver on Nov 15, 2023.
             Was an Initiate of Gozag.
             Mangled by a two-headed ogre
             ... wielding a +0 giant spiked club
              (30 damage)
             ... on level 1 of the Orcish Mines.
             The game lasted 00:44:27 (15435 turns).

Azuregosa the Covert (Octopode Delver)             Turns: 15435, Time: 00:44:29

Health: -6/80      AC:  3    Str: 17    XL:     11   Next: 72%
Magic:  20/20      EV: 17    Int: 24    God:    Gozag
Gold:   1138       SH:  0    Dex: 22    Spells: 10/22 levels left

rFire   + . .        K - +7 rapier (speed)
rCold   . . .        (no shield)
rNeg    . . .        w - +2 hat
rPois   .            v - amulet of the acrobat
rElec   .            s - +6 ring of dexterity
rCorr   .            A - +6 ring of strength
SInv    +            G - ring of willpower
Will    +....        N - ring of Zeil {Wiz *Slow Int+3 SInv}
Stlth   ++++++       x - ring "Qaymat Fovu" {rF+ Int+6}
HPRegen 0.33/turn    i - ring of wizardry
MPRegen 0.17/turn    (no ring)
                     (no ring)

%: slow self (1%), acrobat, wizardry (x2)
@: no status effects
A: almost no armour, amphibious, 8 rings, camouflage 1, gelatinous body 1,
(nimble swimmer 1), tentacles
a: Renounce Religion, Potion Petition, Call Merchant, Bribe Branch


You were on level 1 of the Orcish Mines.
You worshipped Gozag.
Gozag was most pleased with you.
You visited 4 branches of the dungeon, and saw 16 of its levels.
You also visited: Ossuary.

You collected 2535 gold pieces.
You spent 758 gold pieces at shops.
You paid 639 gold pieces to Gozag.

Inventory:

Hand Weapons
 k - a +2 hand axe of electrocution
 r - a +2 halberd of venom
 K - a +7 rapier of speed (weapon)
 U - a +4 dagger of draining
Missiles
 c - 87 stones
 o - 21 poisoned darts
 B - 5 boomerangs
 M - 3 throwing nets
 Z - 4 atropa-tipped darts
Armour
 w - a +2 hat (worn)
Magical Staves
 I - a staff of death
 O - a staff of cold
Jewellery
 i - a ring of wizardry (on tentacle)
 q - an amulet of faith
 s - a +6 ring of dexterity (left tentacle)
 v - an amulet of the acrobat (around mantle)
 x - the ring "Qaymat Fovu" (on tentacle) {rF+ Int+6}
   (You acquired it on level 7 of the Dungeon)

   [ring of intelligence]

   Int+6:     It affects your intelligence (+6).
   rF+:       It protects you from fire.
 A - a +6 ring of strength (right tentacle)
 C - a ring of fire
 G - a ring of willpower (on tentacle)
 N - the ring of Zeil (on tentacle) {Wiz *Slow Int+3 SInv}
   (You bought it in a shop on level 7 of the Dungeon)

   [ring of wizardry]

   Wiz:       It improves your spell success rate.
   Int+3:     It affects your intelligence (+3).
   SInv:      It lets you see invisible.
   *Slow:     It may slow you when you take damage.
Talismans
 z - a beast talisman
 T - a serpent talisman
Wands
 f - a wand of digging (3)
 F - a wand of flame (25)
 J - a wand of mindburst (8)
 R - a wand of acid (8)
 S - a wand of iceblast (12)
Scrolls
 b - a scroll of fog
 d - a scroll of torment {unknown}
 h - 3 scrolls of teleportation
 j - 2 scrolls of vulnerability
 l - a scroll of brand weapon {unknown}
 t - 5 scrolls of noise
 u - 5 scrolls of enchant armour
 L - 2 scrolls of revelation
 Q - a scroll of fear
 W - a scroll of poison
Potions
 a - a potion of ambrosia {unknown}
 e - 3 potions of haste
 g - 4 potions of enlightenment {unknown}
 m - 2 potions of heal wounds {unknown}
 n - a potion of resistance {unknown}
 p - 2 potions of magic {unknown}
 D - 2 potions of brilliance {unknown}
 E - a potion of cancellation {unknown}
 H - a potion of mutation {unknown}
 P - 5 potions of curing
 V - 2 potions of might {unknown}
 X - a potion of attraction {unknown}
 Y - 2 potions of lignification {unknown}
Miscellaneous
 y - a lightning rod (4/4)


   Skills:
 + Level 9.0 Fighting
 + Level 7.5 Long Blades
 + Level 6.1 Dodging
 - Level 11.1 Stealth
 - Level 6.3 Spellcasting
 - Level 7.0 Hexes
 + Level 4.2 Summonings
 + Level 4.2 Ice Magic


You had 10 spell levels left.
You knew the following spells:

 Your Spells              Type           Power      Damage    Failure   Level
a - Cause Fear            Hex            20%        N/A       1%          4
b - Ensorcelled Hibernat  Hex/Ice        68%        N/A       1%          2
c - Summon Lightning Spi  Summ/Air       17%        N/A       9%          4
d - Blink                 Tloc           14%        N/A       3%          2

Your spell library contained the following spells:

 Spells                   Type           Power      Damage    Failure   Level
 Summon Small Mammal      Summ           100%       N/A       1%          1
 Jinxbite                 Hex            82%        N/A       1%          2
 Call Canine Familiar     Summ           28%        N/A       1%          3
 Confusing Touch          Hex            41%        N/A       1%          3
 Summon Guardian Golem    Hex/Summ       34%        N/A       1%          3
 Foxfire                  Conj/Fire      28%        2x1d5     2%          1
 Kiss of Death            Conj/Necr      28%        2d7       2%          1
 Magic Dart               Conj           28%        1d4       2%          1
 Necrotise                Necr           28%        1d5       2%          1
 Sting                    Tmut/Pois      28%        1d4       2%          1
 Lesser Beckoning         Tloc           14%        N/A       3%          2
 Momentum Strike          Conj/Tloc      14%        3d8       3%          2
 Poisonous Vapours        Pois/Air       14%        N/A       3%          2
 Searing Ray              Conj           14%        2d5       3%          2
 Static Discharge         Conj/Air       14%        3-4/arc   3%          2
 Anguish                  Hex/Necr       12%        N/A       5%          4
 Fulminant Prism          Conj/Hex       12%        3d8       5%          4
 Ignite Poison            Fire/Tmut/Pois 7%         N/A       7%          3
 Airstrike                Air            3%         2d(1-17)  21%         4
 Dispel Undead            Necr           7%         3d8       21%         4
 Olgreb's Toxic Radiance  Pois           7%         N/A       21%         4
 Sticky Flame             Conj/Fire      7%         2d3       21%         4
 Plasma Beam              Fire/Air       3%         2x1d13    94%         6
 Starburst                Conj/Fire      3%         6d3       94%         6
 Ignition                 Fire           3%         3d4       100%        8


Dungeon Overview and Level Annotations

Branches:
Dungeon (13/15)            Temple (1/1) D:6            Lair (1/5) D:9
    Orc (1/2) D:12        Ossuary (visited)
 Vaults: D:13-14

Altars:
Ashenzari
Cheibriados
Dithmenos
Elyvilon
Fedhas
Gozag
Hepliaklqana
Kikubaaqudgha
Makhleb
Nemelex Xobeh
Okawaru
Qazlal
Ru
Sif Muna
Trog
Uskayaw
Vehumet
Wu Jian
Xom
Yredelemnul
Zin
The Shining One
Lugonu

Shops:
D:3 (   D:4 :   D:7 *

Annotations:
D:5 3 runed translucent doors, kae's ghost, novice DsEn
D:9 4 transporters


Innate Abilities, Weirdness & Mutations

You cannot wear most types of armour.
You are amphibious.
You can wear up to eight rings at the same time.
Your skin changes colour to match your surroundings (Stealth+).
Your rubbery body absorbs attacks. (AC +1, EV +1)
((You are camouflaged when in or above water. (Stealth+)))
You have tentacles for arms and can constrict up to eight enemies at once.


Message History

You hit the orc priest but do no damage.
You grab the orc priest.
You squeeze the orc priest, but do no damage.
You constrict the orc priest. The orc priest barely misses you.
You hit the orc priest but do no damage.
You squeeze the orc priest, but do no damage.
The orc priest is lightly wounded.
You constrict the orc priest. You hit the orc priest.
You tentacle-slap the orc priest, but do no damage.
You squeeze the orc priest!
You kill the orc priest!
You barely miss the orc warrior. You grab the orc warrior.
You constrict the orc warrior, but do no damage.
You barely miss the orc warrior. You constrict the orc warrior.
The orc warrior hits you with a +0 dire flail.
You hit the orc warrior. You squeeze the orc warrior!
The orc warrior is severely wounded.
You constrict the orc warrior, but do no damage.
The orc warrior closely misses you.
You puncture the orc warrior!
You kill the orc warrior!
Your Fighting skill increases to level 9!
You now have 1122 gold pieces (gained 33).
Items here: ))))) [[[.
You start resting.
HP restored.
You start waiting.
Done waiting.
You now have 1138 gold pieces (gained 16).
You see here a +0 giant club.
There is a staircase to the Orcish Mines here.
You climb downwards.
Welcome back to the Orcish Mines!
The two-headed ogre hits you with a +0 giant spiked club!!!
The two-headed ogre hits you with a +0 giant club!!
* * * LOW HITPOINT WARNING * * *
The orc warrior shoots an arrow.
The arrow closely misses you.
The two-headed ogre hits you with a +0 giant spiked club!!
You die...
Your body crumbles into a pile of gold.

### ## #### #.###.#
#####.#.# ####....##
##......## #........#
#....O...##
.........####..o@....###
..)...#...###oO.O......#
......#...o.O.oo.......#
.....oOo....O.....#.#...
.....##.#..[..[.)###....
....o.###.........# #...
....o.#..$..............
......$.....#...........
............#..........#


You could see 3 two-headed ogres, an ogre mage, an orc warrior, an ogre, an orc
priest, an orc wizard and 2 orcs.

Vanquished Creatures
  A two-headed ogre (D:12)
  A deep elf pyromancer (D:12)
  An ugly thing (D:12)
  3 gargoyles
  A kobold demonologist (D:10)
  A komodo dragon (D:11)
  An unseen horror (D:12)
  4 trolls
  Grinder (D:5)
  3 wyverns
  3 wraiths (D:12)
  Eustachio (D:6)
  2 vampires
  12 yaks
  A basilisk (D:11)
  2 steam dragons (D:9)
  Menkaure (D:5)
  An acid dragon (D:10)
  Duvessa (D:6)
  A water moccasin (D:5)
  4 orc warriors
  A black bear (D:8)
  2 sky beasts (D:7)
  An ogre (D:12)
  2 centaurs
  2 phantoms (D:4)
  3 elf zombies (D:4)
  2 kobold brigands
  2 bullfrogs
  3 scorpions
  Dowan (D:6)
  4 howler monkeys
  A human zombie (D:4)
  2 jellies
  2 centaur zombies (Ossuary)
  A hound (D:7)
  14 orc priests
  A sleepcap (D:6)
  Terence (D:2)
  2 human skeletons (D:4)
  3 iguanas
  11 orc wizards
  2 mummies (Ossuary)
  4 gnolls (D:4)
  7 adders
  6 shadow imps
  A white imp (D:6)
  2 ufetubi (D:6)
  A worm (D:2)
  4 dart slugs
  31 orcs
  3 bats
  5 endoplasms
  A giant cockroach (D:2)
  12 goblins
  6 hobgoblins
  4 jackals (D:1)
  18 kobolds
  A quokka (D:3)
  9 ball pythons
  5 frilled lizards
  2 gnoll zombies (Ossuary)
  4 goblin zombies (Ossuary)
  3 hobgoblin zombies (Ossuary)
  3 orc skeletons (D:4)
  5 orc zombies
  6 rats
252 creatures vanquished.

Notes
Turn   | Place    | Note
-------+----------+-------------------------------------------
     0 | D:5      | Azuregosa the Octopode Delver began the quest for the Orb.
     0 | D:5      | Reached XP level 1. HP: 16/16 MP: 1/1
    24 | D:5      | Noticed a water moccasin
    42 | D:5      | Found a glowing silver altar of Zin.
    46 | D:5      | Reached skill level 7 in Stealth
    46 | D:5      | Reached XP level 2. HP: 21/21 MP: 2/2
    76 | D:4      | Noticed a phantom
   262 | D:4      | Found Umnyr's Tiny Tomes.
   335 | D:4      | Reached skill level 9 in Stealth
   335 | D:4      | Reached XP level 3. HP: 12/26 MP: 3/3
   335 | D:4      | Reached XP level 4. HP: 15/31 MP: 4/4
   359 | D:4      | Reached XP level 5. HP: 16/36 MP: 5/5
   434 | D:4      | Reached skill level 10 in Stealth
   444 | D:4      | Found a sand-covered staircase.
   458 | D:4      | Reached XP level 6. HP: 37/42 MP: 6/6
   469 | Ossuary  | Entered an ossuary
   502 | Ossuary  | Reached skill level 11 in Stealth
  1001 | D:4      | Reached XP level 7. HP: 49/49 MP: 7/7
  1469 | D:4      | Bought the Compendium of the Evil Eye for 130 gold pieces
  1474 | D:4      | Learned a level 4 spell: Cause Fear
  1837 | D:4      | Reached skill level 1 in Spellcasting
  1837 | D:4      | Reached skill level 1 in Hexes
  2428 | D:4      | Reached skill level 5 in Fighting
  2693 | D:5      | Noticed Grinder
  2701 | D:5      | Paralysed by Grinder for 3 turns
  2710 | D:5      | Killed Grinder
  2711 | D:5      | Reached XP level 8. HP: 14/56 MP: 9/11
  2877 | D:6      | Found a staircase to the Ecumenical Temple.
  2886 | Temple   | Entered the Ecumenical Temple
  2902 | Temple   | Became a worshipper of Gozag Ym Sagoz the Greedy
  3020 | D:3      | Found Loicwal's Antique Weapon Shoppe.
  3114 | D:3      | Found a bloodstained altar of Trog.
  3126 | D:3      | Found an iron altar of Okawaru.
  3129 | D:3      | Found a sacrificial altar of Ru.
  3132 | D:3      | Found a broken altar of Ashenzari.
  3196 | D:3      | Found a transporter.
  4583 | D:2      | Noticed Terence
  4587 | D:2      | Killed Terence
  5005 | D:3      | Found a transporter.
  5513 | D:3      | Found a faded altar of an unknown god.
  5894 | D:5      | Noticed kae's ghost (novice DsEn)
  6359 | D:5      | Learned a level 2 spell: Ensorcelled Hibernation
  6431 | D:5      | Found a runed translucent gate.
  6431 | D:5      | Found a runed translucent gate.
  6431 | D:5      | Found a runed translucent gate.
  6500 | D:5      | Noticed Menkaure
  6509 | D:5      | Killed Menkaure
  6660 | D:5      | Reached XP level 9. HP: 59/63 MP: 15/15
  6935 | D:6      | Found a basalt altar of Yredelemnul.
  6935 | D:6      | Found a blossoming altar of Fedhas.
  7015 | D:6      | Noticed Dowan
  7019 | D:6      | Noticed Duvessa
  7025 | D:6      | Killed Dowan
  7038 | D:6      | Killed Duvessa
  7039 | D:6      | Reached skill level 5 in Hexes
  7516 | D:6      | Noticed Eustachio
  7523 | D:6      | Killed Eustachio
  7524 | D:6      | Reached skill level 5 in Spellcasting
  8070 | D:7      | Identified the +5 scale mail "Eqoguc" {Int+3 Dex+5}
  8398 | D:7      | Bought the ring of Zeil {Wiz *Slow Int+3 SInv} for 586 gold
                  | pieces
  8398 | D:7      | Bought a scroll of identify for 28 gold pieces
  8401 | D:7      | Identified a scroll of acquirement
  8402 | D:7      | Acquired the ring "Qaymat Fovu" {rF+ Int+6}
  8493 | D:8      | Found a shadowy altar of Dithmenos.
  8904 | D:7      | Bought a potion of degeneration for 14 gold pieces
 10048 | D:9      | Reached XP level 10. HP: 69/69 MP: 19/19
 10079 | D:9      | Found a transporter.
 10094 | D:9      | Found a transporter.
 10332 | D:9      | Found a staircase to the Lair.
 10346 | D:9      | Reached skill level 5 in Long Blades
 10377 | D:9      | Found a hide-covered altar of Uskayaw.
 10377 | D:9      | Found a sparkling altar of Nemelex Xobeh.
 10643 | D:9      | Found a transporter.
 10659 | D:9      | Found a transporter.
 10839 | D:10     | Identified the "Ojam"
 10839 | D:10     | Identified the of Syetibb
 10839 | D:10     | Identified the of Bufucsia
 10839 | Lair:1   | Entered Level 1 of the Lair of Beasts
 10839 | Lair:1   | Noticed a cane toad
 10839 | Lair:1   | Noticed a death yak
 10839 | Lair:1   | Noticed a death yak
 10865 | D:10     | Entered Level 10 of the Dungeon
 11093 | D:10     | Found a white marble altar of Elyvilon.
 11320 | D:10     | Noticed a kobold demonologist
 11327 | D:10     | Killed a kobold demonologist
 11344 | D:10     | Noticed a gargoyle
 11357 | D:10     | Killed a gargoyle
 11590 | D:10     | Learned a level 4 spell: Summon Lightning Spire
 11618 | D:10     | Found a radiant altar of Vehumet.
 11622 | D:10     | Found an ancient bone altar of Kikubaaqudgha.
 11623 | D:10     | Found a shimmering blue altar of Sif Muna.
 11796 | D:10     | Reached skill level 1 in Summonings
 11796 | D:10     | Reached skill level 1 in Ice Magic
 12254 | D:11     | Identified the +0 chain mail "Xucidopi" {rCorr Str+3}
 12915 | D:11     | Reached XP level 11. HP: 66/77 MP: 20/20
 13085 | D:11     | Reached skill level 5 in Dodging
 13111 | D:12     | Found a staircase to the Orcish Mines.
 13634 | D:12     | Noticed a two-headed ogre
 13638 | D:12     | Killed a two-headed ogre
 13857 | D:12     | Noticed a deep elf pyromancer
 13863 | D:12     | Killed a deep elf pyromancer
 14117 | D:12     | Noticed a green ugly thing
 14125 | D:12     | Killed a green ugly thing
 14133 | D:12     | Learned a level 2 spell: Blink
 14448 | Orc:1    | Entered Level 1 of the Orcish Mines
 14971 | Orc:1    | Noticed an ogre mage
 14978 | Orc:1    | Noticed a two-headed ogre
 14979 | Orc:1    | Noticed a two-headed ogre
 14979 | Orc:1    | Noticed a two-headed ogre
 15435 | Orc:1    | Mangled by a two-headed ogre

Illustrated notes

Levels and vault maps discovered:
D:1:      dpeg_arrival_round_a, layout_loops_corners, minmay_crystal_room
D:2:      layout_basic, uniq_terence
D:3:      gammafunk_wand_slinger, layout_loops_ring,
          grunt_temple_overflow_cloverleaf, serial_shops, shop,
          ebering_ecumenical_altar_webs
D:4:      layout_layer_cave, nicolae_ossuary_entry_catacombs,
          nicolae_shop_i_like_small_books_too
D:5:      layout_cave_pools, kennysheep_mini, gammafunk_ghost_icy,
          guppyfry_early_lair_pool, uniq_menkaure, uniq_grinder
D:6:      layout_loops_corners, gammafunk_temple_overflow_statue,
          minmay_temple_entry_tees, uniq_duvessa, uniq_eustachio
D:7:      layout_basic
D:8:      layout_loops_ring, nicolae_overflow_hidden_temple
D:9:      layout_cave_pods, mainiacjoe_overflow_divided_tiny, lair_entry_dummy,
          nicolae_diode_intersection
D:10:     layout_gridville, grunt_temple_overflow_magic_moments,
          mainiacjoe_overflow_tiny_flanked, nicolae_figureground_sparkle
D:11:     layout_loops_ring, serial_shops, nicolae_shop_real_fake_doors
D:12:     layout_loops_ring, orc_0_dummy, due_unseen_surprise
D:13:     layout_roguey, hellmonk_vaults_order_and_chaos, serial_shops, shop,
          grunt_decor_clamped, nicolae_twisting_strands, uniq_nessos
Temple:   corrupted_temple
Lair:1:   layout_loops_ring, serial_forest, infiniplex_forest_clump_double,
          infiniplex_forest_diagonal, infiniplex_forest_lined_room_2,
          infiniplex_forest_straight_5, infiniplex_forest_end_2,
          infiniplex_forest_lined_room_3, infiniplex_forest_end_2,
          infiniplex_forest_clump_tiny, serial_bayou_shore_b
Orc:1:    layout_diamond_mine, basic_altar

Skill      XL: |  1  2  3  4  5  6  7  8  9 10 11 |
---------------+----------------------------------+-----
Stealth        | 7 9 10 11 | 11.1
Fighting       | 4 5 6 8 9 |  9.0
Spellcasting   | 2 4 6 |  6.3
Hexes          | 2 4 7 |  7.0
Long Blades    | 4 6 7 |  7.5
Dodging        | 4 6 |  6.1
Summonings     | 2 4 |  4.2
Ice Magic      | 2 4 |  4.2

Action                     |  1- 3 |  4- 6 |  7- 9 | 10-12 || total
---------------------------+-------+-------+-------+-------++-------
  Melee: Tentacles         |     8 |    25 |    86 |    71 ||   190
         Falchion          |     8 |       |       |       ||     8
         Constrict         |     6 |    16 |    67 |    29 ||   118
         Short sword       |    15 |   110 |   300 |       ||   425
         Punch             |       |     1 |     3 |     5 ||     9
         Rapier            |       |       |    79 |   245 ||   324
  Throw: Stone             |       |     1 |     1 |       ||     2
   Cast: Cause Fear        |       |       |       |     5 ||     5
         Summon Lightning  |       |       |       |     2 ||     2
         Blink             |       |       |       |     9 ||     9
 Invoke: Call Merchant     |       |       |     1 |       ||     1
  Evoke: Wand              |       |       |     1 |       ||     1
    Use: Scroll            |     1 |       |     6 |     6 ||    13
         Potion            |       |       |     3 |       ||     3
   Stab: Sleeping          |     3 |    11 |    57 |    12 ||    83
         Distracted        |       |       |     3 |       ||     3
         Fleeing           |       |       |       |     1 ||     1
 Armour: Skin              |     7 |    27 |   120 |    90 ||   244
  Dodge: Dodged            |     6 |    46 |   146 |   157 ||   355

Table legend: (Time is in decaauts)
 A = Elapsed time spent in this place.
 B = Non-inter-level travel time spent in this place.
 C = Inter-level travel time spent in this place.
 D = Time resting spent in this place.
 E = Time spent auto-exploring this place.
 F = Levels seen in this place.
 G = Mean time per level.
                   A        B        C        D        E       F      G
               +--------+--------+--------+--------+--------+-----+--------+
         Total |  15225 |  14832 |    393 |   4815 |   5959 |  17 |  895.6 |
       Dungeon |  14642 |  14251 |    391 |   4588 |   5958 |  13 | 1126.3 |
        Temple |     32 |     32 |      0 |      0 |      0 |   1 |   32.0 |
          Lair |      1 |      1 |      0 |      0 |      0 |   1 |    1.0 |
  Orcish Mines |    152 |    152 |      0 |     62 |      1 |   1 |  152.0 |
       Ossuary |    395 |    395 |      0 |    165 |      0 |   1 |  395.0 |
               +--------+--------+--------+--------+--------+-----+--------+

Top non-repeatable levels by time:
     D:4: 2234 daAuts
    D:12: 2176 daAuts
     D:8: 1362 daAuts
    D:10: 1283 daAuts
     D:3: 1270 daAuts
     D:5: 1074 daAuts
     D:6: 1010 daAuts
     D:1: 929 daAuts
    D:11: 923 daAuts
     D:9: 842 daAuts
     D:2: 796 daAuts
     D:7: 737 daAuts
 Ossuary: 395 daAuts
   Orc:1: 152 daAuts
  Temple: 32 daAuts
